[Event "XXVII RUS-chT Premier 2020"]
[Site "Sochi"]
[Date "2020.11.20"]
[Round "2.25"]
[White "Riazantsev, Alexander"]
[Black "Iljiushenok, Ilia"]
[Result "1/2-1/2"]
[ECO "E76"]
[WhiteElo "2628"]
[BlackElo "2539"]
[Annotator "ChessBase"]
[PlyCount "73"]
[EventDate "2020.11.19"]
[EventType "team-tourn"]
[EventCountry "RUS"]
[SourceTitle "playchess.com"]
[Source "ChessBase"]
[SourceQuality "1"]
[TimeControl "40/5400+30:1800+30"]

1. d4 Nf6 2. c4 g6 3. Nc3 Bg7 4. e4 d6 5. f4 O-O 6. Nf3 Na6 7. Bd3 e5 8. fxe5 dxe5 9. d5 c6 10. O-O cxd5 11. cxd5 Qd6 12. Kh1 Bd7 13. Nd2 Rac8 14. Nc4 Qe7 15. Bg5 h6 16. d6 Qe6 17. Bxf6 Bxf6 18. Na5 Bg5 19. Nxb7 Nc5 20. Nxc5 Rxc5 21. Bc2 Rc6 22. Bb3 Qxd6 23. Ba4 Qxd1 24. Raxd1 Rxc3 25. Rxd7 Rc4 26. Rxa7 Rxe4 27. Bb3 Re2 28. Raxf7 Rxf7 29. Bxf7+ Kg7 30. b4 e4 31. Bc4 Rb2 32. Rf7+ Kh8 33. Rf8+ Kg7 34. Rf7+ Kh8 35. Rf8+ Kg7 36. Rf7+ Kh8 37. Rf8+ 1/2-1/2

[Event "XXVII RUS-chT Premier 2020"]
[Site "Sochi"]
[Date "2020.11.20"]
[Round "2.27"]
[White "Chigaev, Maksim"]
[Black "Nozdrachev, Leonid"]
[Result "1-0"]
[ECO "C65"]
[WhiteElo "2615"]
[BlackElo "2391"]
[Annotator "ChessBase"]
[PlyCount "77"]
[EventDate "2020.11.19"]
[EventType "team-tourn"]
[EventCountry "RUS"]
[SourceTitle "playchess.com"]
[Source "ChessBase"]
[SourceQuality "1"]
[TimeControl "40/5400+30:1800+30"]

1. e4 e5 2. Nf3 Nc6 3. Bb5 Nf6 4. d3 Bc5 5. c3 d6 6. d4 exd4 7. cxd4 Bb4+ 8. Kf1 d5 9. e5 Nd7 10. Qb3 Be7 11. Qxd5 Nb4 12. Qe4 c6 13. Bc4 Nb6 14. Bb3 a5 15. a3 N4d5 16. Nc3 Be6 17. Bc2 a4 18. h4 h6 19. Kg1 Qd7 20. h5 Ra5 21. Nh4 Bxh4 22. Rxh4 Ne7 23. Qe1 Ra8 24. Ne4 Nf5 25. Nc5 Qe7 26. Rf4 Nxd4 27. Nxe6 Nxc2 28. Nxg7+ Kf8 29. Qe4 Nxa1 30. e6 f6 31. Nf5 Qc7 32. Rg4 Nd5 33. Bxh6+ Ke8 34. Rg7 Qe5 35. Qxe5 fxe5 36. Rf7 Kd8 37. Rd7+ Kc8 38. Nd6+ Kb8 39. Rxb7# 1-0

[Event "XXVII RUS-chT Premier 2020"]
[Site "Sochi"]
[Date "2020.11.20"]
[Round "2.28"]
[White "Smirnov, Timofey"]
[Black "Antipov, Mikhail Al."]
[Result "0-1"]
[ECO "B44"]
[WhiteElo "2394"]
[BlackElo "2607"]
[Annotator "ChessBase"]
[PlyCount "144"]
[EventDate "2020.11.19"]
[EventType "team-tourn"]
[EventCountry "RUS"]
[SourceTitle "playchess.com"]
[Source "ChessBase"]
[SourceQuality "1"]
[TimeControl "40/5400+30:1800+30"]

1. e4 c5 2. Nf3 e6 3. d4 cxd4 4. Nxd4 Nc6 5. Nb5 d6 6. Bf4 e5 7. Be3 Nf6 8. Bg5 Be6 9. N1c3 a6 10. Na3 Be7 11. Nc4 O-O 12. Bxf6 Bxf6 13. Be2 Nd4 14. Ne3 Rc8 15. Bd3 Qa5 16. O-O Rxc3 17. bxc3 Qxc3 18. Qe1 Qc5 19. c3 Nc6 20. Qd2 Bg5 21. Rfe1 Rc8 22. Rac1 h5 23. Rc2 g6 24. Qe2 Nb8 25. h3 b5 26. Qd1 Nd7 27. Qb1 Qb6 28. Qb4 Nc5 29. Rd2 Rc6 30. Bf1 Kg7 31. Rc2 Rc8 32. a3 Rb8 33. Nd5 Bxd5 34. exd5 h4 35. Qg4 Bd8 36. Rb1 f5 37. Qd1 Qa5 38. Qc1 Rb7 39. Rb4 Rc7 40. c4 bxc4 41. Rcxc4 e4 42. Qf4 Rd7 43. a4 Bf6 44. Rb8 Qc7 45. Rcb4 Rd8 46. R8b6 Qe7 47. Qe3 Qe5 48. Rb7+ Nxb7 49. Rxb7+ Be7 50. Qg5 Re8 51. Qxh4 Qf6 52. Qxf6+ Kxf6 53. Bxa6 Rc8 54. Bf1 Bd8 55. Rb5 Ra8 56. Rb4 Ke5 57. g4 Rc8 58. gxf5 gxf5 59. Rb5 Rc2 60. a5 Bh4 61. a6 Bxf2+ 62. Kh1 Ra2 63. Rb8 f4 64. Bc4 Ra1+ 65. Kg2 Bc5 66. h4 Kd4 67. Bb5 f3+ 68. Kg3 Rg1+ 69. Kh2 Rb1 70. Rb7 e3 71. h5 Rxb5 72. Rxb5 e2 0-1

[Event "XXVII RUS-chT Premier 2020"]
[Site "Sochi"]
[Date "2020.11.20"]
[Round "2.29"]
[White "Yuffa, Daniil"]
[Black "Tsoi, Dmitry"]
[Result "0-1"]
[ECO "A90"]
[WhiteElo "2565"]
[BlackElo "2315"]
[Annotator "ChessBase"]
[PlyCount "80"]
[EventDate "2020.11.19"]
[EventType "team-tourn"]
[EventCountry "RUS"]
[SourceTitle "playchess.com"]
[Source "ChessBase"]
[SourceQuality "1"]
[TimeControl "40/5400+30:1800+30"]

1. d4 e6 2. c4 f5 3. g3 Nf6 4. Bg2 d5 5. Nf3 c6 6. O-O Bd6 7. Nc3 O-O 8. Qc2 Qe7 9. Rb1 Bd7 10. c5 Bc7 11. b4 a6 12. a4 Ne4 13. Nxe4 fxe4 14. Bg5 Qf7 15. Ne5 Bxe5 16. dxe5 h6 17. Be3 Be8 18. f3 exf3 19. exf3 Qh5 20. Qc3 Bg6 21. Rb2 Qf5 22. Rd2 Nd7 23. f4 h5 24. h3 Kf7 25. Kh2 Ke7 26. Bf3 Rh8 27. Kg2 Bf7 28. Bd1 Qh7 29. f5 exf5 30. Bg5+ Kf8 31. Rdf2 Be6 32. Rxf5+ Bxf5 33. Bc2 g6 34. e6 Kg8 35. exd7 Qxd7 36. Bf6 Bxh3+ 37. Kg1 Bxf1 38. Bxh8 Qf7 39. Bd4 Bh3 40. Kh2 Bf5 0-1

[Event "XXVII RUS-chT Premier 2020"]
[Site "Sochi"]
[Date "2020.11.20"]
[Round "2.30"]
[White "Ter-Saakian, Grigorii"]
[Black "Kryakvin, Dmitry"]
[Result "0-1"]
[ECO "B20"]
[WhiteElo "2296"]
[BlackElo "2577"]
[Annotator "ChessBase"]
[PlyCount "172"]
[EventDate "2020.11.19"]
[EventType "team-tourn"]
[EventCountry "RUS"]
[SourceTitle "playchess.com"]
[Source "ChessBase"]
[SourceQuality "1"]
[TimeControl "40/5400+30:1800+30"]

1. e4 c5 2. e5 Nc6 3. f4 d6 4. Nf3 g6 5. Bb5 Bd7 6. Nc3 dxe5 7. fxe5 Bg7 8. Qe2 Nd4 9. Nxd4 cxd4 10. e6 fxe6 11. Ne4 Bxb5 12. Qxb5+ Qd7 13. Qxd7+ Kxd7 14. Nc5+ Kc6 15. Nxe6 Be5 16. Ng5 Rf8 17. Ke2 Kd5 18. d3 Nh6 19. Ne4 Ng4 20. h3 Nf6 21. c4+ dxc3 22. Nxc3+ Ke6 23. Be3 Nh5 24. Ne4 Nf4+ 25. Bxf4 Rxf4 26. Raf1 Rxf1 27. Rxf1 Rc8 28. Kd2 Bxb2 29. Rb1 Bg7 30. Rxb7 Bh6+ 31. Ke2 Rc2+ 32. Kf3 Rxa2 33. Nc5+ Kf7 34. d4 Ra3+ 35. Ke4 Re3+ 36. Kd5 a5 37. Ra7 Re2 38. Rxa5 Rxg2 39. Ra3 Rg5+ 40. Ke4 Bg7 41. Rf3+ Bf6 42. Nd7 Rh5 43. Nxf6 exf6 44. Ra3 Rh4+ 45. Kd5 g5 46. Kc5 h5 47. d5 g4 48. hxg4 hxg4 49. Ra4 f5 50. d6 Ke6 51. Ra7 Rh1 52. Re7+ Kf6 53. Re8 Rd1 54. Kc6 g3 55. Rg8 f4 56. d7 Kf5 57. Kc7 Ke4 58. d8=Q Rxd8 59. Kxd8 Kf3 60. Ke7 Kg2 61. Kf6 f3 62. Kg5 f2 63. Kh4 f1=Q 64. Rxg3+ Kh2 65. Rg5 Qf4+ 66. Kh5 Kh3 67. Kg6 Kh4 68. Rf5 Qe4 69. Kf6 Kg4 70. Re5 Qd4 71. Ke6 Kf4 72. Rd5 Qc4 73. Kd6 Ke4 74. Rc5 Qa6+ 75. Rc6 Qb5 76. Rc5 Qb6+ 77. Rc6 Qd8+ 78. Kc5 Qd4+ 79. Kb5 Kd5 80. Rc7 Qb2+ 81. Ka5 Kd6 82. Rc4 Qb3 83. Rb4 Qa3+ 84. Kb5 Kd5 85. Ra4 Qc5+ 86. Ka6 Kc6 0-1

[Event "XXVII RUS-chT Premier 2020"]
[Site "Sochi"]
[Date "2020.11.21"]
[Round "3.12"]
[White "Kryakvin, Dmitry"]
[Black "Savitskiy, Sergey"]
[Result "1-0"]
[ECO "A25"]
[WhiteElo "2577"]
[BlackElo "2451"]
[Annotator "ChessBase"]
[PlyCount "63"]
[EventDate "2020.11.19"]
[EventType "team-tourn"]
[EventCountry "RUS"]
[SourceTitle "playchess.com"]
[Source "ChessBase"]
[SourceQuality "1"]
[TimeControl "40/5400+30:1800+30"]

1. g3 e5 2. c4 Nc6 3. Bg2 g6 4. Nc3 Bg7 5. Rb1 Nd4 6. e3 Ne6 7. Nge2 d6 8. d4 a5 9. dxe5 dxe5 10. Qxd8+ Kxd8 11. O-O c6 12. f4 exf4 13. exf4 Nh6 14. Be3 Kc7 15. Na4 Ra6 16. Bh3 Re8 17. f5 gxf5 18. Bxf5 b5 19. cxb5 cxb5 20. Nac3 Nxf5 21. Rxf5 b4 22. Rxf7+ Kb8 23. Nb5 Rc6 24. Nf4 Be5 25. Nd5 Ba6 26. a4 Nd8 27. Rxh7 Bb7 28. Ba7+ Ka8 29. Nb6+ Rxb6 30. Bxb6 Ne6 31. Rh5 Ng7 32. Rg5 1-0

[Event "XXVII RUS-chT Premier 2020"]
[Site "Sochi"]
[Date "2020.11.21"]
[Round "3.23"]
[White "Potkin, Vladimir"]
[Black "Samusenko, Maksim"]
[Result "1-0"]
[ECO "C41"]
[WhiteElo "2583"]
[BlackElo "2466"]
[Annotator "ChessBase"]
[PlyCount "81"]
[EventDate "2020.11.19"]
[EventType "team-tourn"]
[EventCountry "RUS"]
[SourceTitle "playchess.com"]
[Source "ChessBase"]
[SourceQuality "1"]
[TimeControl "40/5400+30:1800+30"]

1. e4 d6 2. d4 Nf6 3. Nc3 e5 4. Nf3 Nbd7 5. Bc4 Be7 6. a4 O-O 7. O-O c6 8. Re1 h6 9. h3 Qc7 10. Be3 Re8 11. a5 Nf8 12. d5 Ng6 13. Nd2 Nh7 14. Bf1 Bg5 15. Nc4 Rd8 16. b4 Nf6 17. Bxg5 hxg5 18. Ne3 Ne7 19. Ra3 Bd7 20. Qd2 Rac8 21. a6 bxa6 22. Bxa6 Rb8 23. dxc6 Bxc6 24. Ned5 Nexd5 25. Nxd5 Nxd5 26. exd5 Bb5 27. Rea1 Qc4 28. Bxb5 Rxb5 29. Qxg5 Rdb8 30. Rg3 g6 31. Rxa7 Qf4 32. Qe7 Qc1+ 33. Kh2 Qf4 34. Qxd6 Rxb4 35. Re7 Rc8 36. Rxf7 Qxf7 37. Qxb4 Rxc2 38. Qe4 Rxf2 39. Rxg6+ Kf8 40. Qb4+ Ke8 41. Re6+ 1-0

[Event "XXVII RUS-chT Premier 2020"]
[Site "Sochi"]
[Date "2020.11.21"]
[Round "3.24"]
[White "Faizrakhmanov, Ramil"]
[Black "Yagupov, Igor"]
[Result "1-0"]
[ECO "D45"]
[WhiteElo "2450"]
[BlackElo "2357"]
[Annotator "ChessBase"]
[PlyCount "101"]
[EventDate "2020.11.19"]
[EventType "team-tourn"]
[EventCountry "RUS"]
[SourceTitle "playchess.com"]
[Source "ChessBase"]
[SourceQuality "1"]
[TimeControl "40/5400+30:1800+30"]

1. d4 d5 2. c4 e6 3. Nf3 Nf6 4. Nc3 c6 5. e3 Nbd7 6. Qc2 Bd6 7. b3 O-O 8. Be2 b6 9. O-O Bb7 10. Bb2 Qe7 11. Rad1 Rad8 12. Rfe1 Rfe8 13. g3 c5 14. cxd5 exd5 15. Bf1 a6 16. Bg2 Qf8 17. dxc5 Nxc5 18. Na4 Nxa4 19. Bxf6 Rc8 20. Qb1 Nc5 21. Bb2 Ne4 22. Rc1 Bb4 23. Red1 Bc3 24. Nd4 Bxb2 25. Qxb2 Rxc1 26. Rxc1 Rc8 27. a3 Rxc1+ 28. Qxc1 Qc5 29. Qb2 Qc3 30. Qxc3 Nxc3 31. Kf1 Kf8 32. Ke1 g6 33. f3 Ke7 34. Bf1 Kd6 35. Bd3 Bc6 36. Bxa6 b5 37. Bc8 Nb1 38. Nc2 f5 39. g4 fxg4 40. Bxg4 h5 41. Bh3 g5 42. Bf5 d4 43. Nxd4 Nxa3 44. Nxc6 Kxc6 45. Bd3 Kc5 46. f4 gxf4 47. exf4 Kd4 48. Kd2 h4 49. h3 b4 50. f5 Ke5 51. Ke3 1-0